 Dungeon Crawl Stone Soup version 0.31-a0-237-g2d982f9f85 (webtiles) character file.

Game seed: 6994179782392716410

65 qw the Shooter (level 3, -3/30 HPs)
             Began as a Minotaur Hexslinger on July 10, 2023.
             Slain by an orc priest
             ... wielding a +0 vampiric hand axe
              (6 damage)
             ... on level 2 of the Dungeon.
             The game lasted 00:00:32 (1996 turns).

qw the Shooter (Minotaur Hexslinger)                Turns: 1996, Time: 00:00:33

Health: -3/30      AC:  7    Str: 18    XL:     3   Next: 92%
Magic:  3/3        EV: 11    Int: 10    God:
Gold:   94         SH:  0    Dex: 14    Spells: 3/4 levels left

rFire   . . .        Y - +1 sling
rCold   . . .        (no shield)
rNeg    . . .        h - +0 ring mail
rPois   .            b - +2 hat
rElec   .            (no cloak)
rCorr   +            (no gloves)
SInv    .            (no boots)
Will    .....        (no amulet)
Stlth   +            d - +6 ring of strength
HPRegen 0.25/turn    e - ring of resist corrosion
MPRegen 0.08/turn

%: no passive effects
@: no status effects
A: horns 2, retaliatory headbutt
a: no special abilities


You were on level 2 of the Dungeon.
You visited 1 branch of the dungeon, and saw 3 of its levels.

You collected 126 gold pieces.
You spent 32 gold pieces at shops.


Innate Abilities, Weirdness & Mutations

You have a pair of horns on your head.
You reflexively headbutt those who attack you in melee.


   Skills:
 - Level 2.5 Fighting
 + Level 4.1 Ranged Weapons
 - Level 2.1 Dodging
 - Level 1.0 Spellcasting
 - Level 2.0 Hexes


You had 3 spell levels left.
You knew the following spells:

 Your Spells              Type           Power      Damage    Failure   Level
a - Slow                  Hex            16%        N/A       26%         1

Your spell library contained the following spells:

 Spells                   Type           Power      Damage    Failure   Level
 Inner Flame              Hex/Fire       2%         N/A       77%         3
 Portal Projectile        Hex/Tloc       4%         N/A       77%         3
 Cause Fear               Hex            2%         N/A       95%         4

Inventory:

Hand Weapons
 Y - a +1 sling (weapon)
Armour
 b - a +2 hat (worn)
 h - a +0 ring mail (worn)
Jewellery
 d - a +6 ring of strength (left hand)
 e - a ring of resist corrosion (right hand)
Scrolls
 g - a scroll of identify
Potions
 f - a potion of might {unknown}

Dungeon Overview and Level Annotations

Branches:
Dungeon (3/15)

Altars:
Elyvilon

Shops:
D:1 [


Message History

Enter note:
Enter note:
Enter note:
Enter note:
Enter note:
Enter note:
Enter note:
Enter note: You shoot a sling bullet.
The sling bullet closely misses the orc priest.
The orc priest misses you.
You shoot a sling bullet. The sling bullet hits the orc priest.
The orc priest is lightly wounded.
The orc priest mumbles some strange prayers to Beogh against you.
You barely resist. You shoot a sling bullet.
The sling bullet hits the orc priest.
The orc priest is moderately wounded.
You feel your willpower return.
The orc priest looks encouraged for a moment.
You shoot a sling bullet. The sling bullet hits the orc priest.
The orc priest is heavily wounded.
The orc priest misses you. The orc priest closely misses you.
You shoot a sling bullet. The sling bullet hits the orc priest.
The orc priest is severely wounded.
The orc priest calls down the wrath of Beogh upon you.
Pain shoots through your body!
You shoot a sling bullet.
The sling bullet hits the orc priest but does no damage.
The orc priest is severely wounded.
The orc priest hits you with a +0 vampiric hand axe.
The orc priest draws strength from your wounds!
You shoot a sling bullet.
The sling bullet hits the orc priest but does no damage.
The orc priest is moderately wounded.
The orc priest barely misses you.
The orc priest casts a cantrip, but nothing happens.
You shoot a sling bullet. The sling bullet hits the orc priest.
The orc priest is heavily wounded.
The orc priest hits you with a +0 vampiric hand axe.
You die...

.......#....# #.#
####...#....# #.# #...######
#.### #...# #...# #...#
########.########## #...#
#.........#....<..# #...#
#.........#(......# #...#
#...o.....#.......#
#...######...@.....#.......#
#...#..........#...#.......#
##.#.#...##...#....#.......#
#.#..#..##..#..#.#........#
#.#...#.[..#...#.#........#
#......#..#....#>#.......[###
#.#.##..##..##.###.####......
#.#.##..##..##.##..##########
#.#....#..#..........%.......


You could see an orc priest.

Vanquished Creatures
  3 adders (D:2)
  A worm (D:2)
  2 dart slugs
  2 orcs (D:3)
  2 bats (D:2)
  An endoplasm (D:2)
  A hobgoblin (D:2)
  A quokka (D:2)
  8 ball pythons
  5 goblins
  2 kobolds
  4 rats
32 creatures vanquished.

Notes
Turn   | Place    | Note
-------+----------+-------------------------------------------
     0 | D:1      | qw the Minotaur Hexslinger began the quest for the Orb.
     0 | D:1      | Reached XP level 1. HP: 16/16 MP: 1/1
     0 | D:1      | 0 ||| qw: Version: 0.3-a-52-g30416fa
     0 | D:1      | 0 ||| qw: Game counter: 5073
     0 | D:1      | 0 ||| qw: Melee chars always use a shield: true
     0 | D:1      | 0 ||| qw: God list: Okawaru
     0 | D:1      | 0 ||| qw: Allow faded altars: false
     0 | D:1      | 0 ||| qw: Do Orc after clearing Dungeon:15 true
     0 | D:1      | 0 ||| qw: Do second Lair branch before Depths: true
     0 | D:1      | 0 ||| qw: Lair rune preference: random
     0 | D:1      | 0 ||| qw: Goals: Normal
     0 | D:1      | 0 ||| PLANNING D:1-11
   277 | D:1      | Found a faded altar of an unknown god.
   336 | D:1      | Found Gomuh's Antique Armour Shoppe.
   344 | D:1      | 344 ||| SHOPLISTING cloak (72 gold, have 40).
   344 | D:1      | 344 ||| BUYING leather armour (32 gold).
   344 | D:1      | Bought a leather armour for 32 gold pieces
   344 | D:1      | 344 ||| SHOPLISTING pair of gloves (72 gold, have 8).
   344 | D:1      | 344 ||| SHOPLISTING ring mail (64 gold, have 8).
   471 | D:1      | Reached skill level 3 in Ranged Weapons
   472 | D:1      | Reached XP level 2. HP: 23/23 MP: 2/2
   812 | D:1      | 812 ||| UPGRADING to +0 leather armour.
   822 | D:1      | 822 ||| DROPPING +0 robe.
   823 | D:1      | 823 ||| UPGRADING to +0 ring mail.
   833 | D:1      | 833 ||| DROPPING +0 leather armour.
   834 | D:1      | 834 ||| UPGRADING to +6 ring of strength.
   835 | D:1      | 835 ||| UPGRADING to ring of resist corrosion.
   836 | D:1      | 836 ||| DRINKING 2 murky purple potions.
   837 | D:1      | 837 ||| DROPPING scroll of poison.
   838 | D:1      | 838 ||| DROPPING potion of attraction.
  1339 | D:2      | Reached XP level 3. HP: 30/30 MP: 3/3
  1391 | D:2      | Reached skill level 4 in Ranged Weapons
  1391 | D:2      | HP: 7/30 [poisoned by an adder]
  1395 | D:2      | HP: 3/30 [poisoned by an adder]
  1398 | D:2      | HP: 1/30 [poisoned by an adder]
  1956 | D:2      | 1956 ||| UPGRADING to +2 hat.
  1961 | D:2      | 1961 ||| READING scroll labelled UMONNA GOQEREUMP.
  1962 | D:2      | 1962 ||| READING 2 scrolls labelled DIPPAM ICOO.
  1963 | D:2      | 1963 ||| READING scroll labelled ENYQIT NOBABEWYN.
  1979 | D:3      | Found a white marble altar of Elyvilon.
  1980 | D:3      | 1980 ||| PLANNING SEWER
  1987 | D:3      | 1987 ||| STAIRDANCE
  1994 | D:2      | HP: 3/30 [orc priest/+0 vampiric hand axe (6)]
  1996 | D:2      | Slain by an orc priest

Levels and vault maps discovered:
D:1:      wander_arrival_chamber, layout_basic, ebering_ecumenical_altar_ruins,
          serial_shops, shop
D:2:      minmay_recursive_quarters, layout_basic, minivault_26
D:3:      gammafunk_wand_slinger, layout_basic, demons_altar, elyvilon_altar_4,
          chequers_temple_overflow_statue_of_worship, portal_sewer_entry_d,
          uniq_crazy_yiuf_cottage

Skill      XL: |  1  2  3 |
---------------+----------+-----
Ranged Weapons | 3 4 |  4.1
Fighting       | 2 |  2.5
Dodging        | |  2.1
Spellcasting   | |  1.0
Hexes          | |  2.0

Action                     || total
---------------------------++-------
   Fire: Sling             ||    97
    Use: Potion            ||     1
         Scroll            ||     3
 Armour: Ring mail         ||    13
         Robe              ||     1
  Dodge: Dodged            ||    43

Table legend:
 A = Non-vault XP
 B = Vault XP
 C = Vault XP percentage of total XP
 D = Non-vault monster count
 E = Vault monster count
 F = Vault count percentage of total count
                 A         B        C        D         E       F
            +---------+---------+-------+---------+---------+-------
      Total |      49 |      44 |  47.3 |      21 |      11 |  34.4
            +---------+---------+-------+---------+---------+-------
        D:1 |      13 |       0 |   0.0 |       9 |       0 |   0.0
        D:2 |      30 |      44 |  59.5 |      10 |      11 |  52.4
        D:3 |       6 |       0 |   0.0 |       2 |       0 |   0.0
            +---------+---------+-------+---------+---------+-------
